 Dungeon Crawl Stone Soup version 0.29-a0-380-gf50f0a9fbc (webtiles) character file.

Game seed: 7735462093593827082

329 holysushi the Insei (level 6, -1/41 HPs)
             Began as an Octopode Transmuter on May 6, 2022.
             Was a Priest of Jiyva.
             Slain by a gnoll
             ... wielding a +0 spear
              (7 damage)
             ... on level 4 of the Dungeon.
             The game lasted 00:06:53 (3619 turns).

holysushi the Insei (Octopode Transmuter)           Turns: 3619, Time: 00:06:53

Health: -1/41      AC:  2    Str:  9    XL:     6   Next: 50%
Magic:  9/9        EV: 20    Int: 15    God:    Jiyva [***...]
Gold:   38         SH:  0    Dex: 20    Spells: 3/9 levels left

rFire   . . .      SeeInvis .     - Unarmed
rCold   . . .      Faith    .   (shield currently unavailable)
rNeg    . . .      Spirit   .   (helmet currently unavailable)
rPois   x          Reflect  .   (no amulet)
rElec   .          Harm     .   (no ring)
rCorr   +          Rampage  .   (no ring)
Will    .....                   (no ring)
Stlth   ++........              (no ring)
HPRegen 1.25/turn               (no ring)
MPRegen 0.46/turn               (no ring)
                                (no ring)
                                (no ring)

@: lethally poisoned (-1 -> -2), spider-form (expiring)
A: venomous fangs, almost no armour, (amphibious), 8 rings, tiny, (camouflage
1), (gelatinous body 1), (nimble swimmer 1), (tentacles), (poison resistance),
(eyeballs 3)
a: End Transformation, Renounce Religion, Oozemancy


You were on level 4 of the Dungeon.
You worshipped Jiyva.
Jiyva was most pleased with you.
You were a venomous arachnid creature.
You visited 1 branch of the dungeon, and saw 4 of its levels.

You collected 38 gold pieces.

Inventory:

Missiles
 d - a throwing net
Scrolls
 b - a scroll of amnesia
 c - a scroll of poison {unknown}
 f - a scroll of noise {unknown}
 h - a scroll of fear {unknown}
 i - a scroll of enchant armour {unknown}
Potions
 a - a potion of lignification
 e - a potion of heal wounds {unknown}
 g - a potion of curing
 j - a potion of attraction {unknown}


   Skills:
 + Level 2.9 Fighting
 + Level 3.0 Dodging
 * Level 5.2 Unarmed Combat
 - Level 2.0 Spellcasting
 + Level 2.9 Transmutations
 - Level 2.0 Poison Magic


You had 3 spell levels left.
You knew the following spells:

 Your Spells              Type           Power      Damage    Failure   Level
a - Beastly Appendage     Tmut           20%        N/A       19%         1
b - Wereblood             Tmut           10%        N/A       24%         2
c - Spider Form           Tmut/Pois      8%         N/A       45%         3

Your spell library contained the following spells:

 Spells                   Type           Power      Damage    Failure   Level
 Ice Form                 Ice/Tmut       5%         N/A       90%         4


Dungeon Overview and Level Annotations

Branches:
Dungeon (4/15)
 Temple: D:4-7

Altars:
Jiyva

Shops:
D:2 [


Innate Abilities, Weirdness & Mutations

You are a venomous arachnid creature.
You have poisonous fangs.
You are tiny and dextrous.
Your spellcasting is less reliable in this form.
Your armour is entirely melded.
You are incapable of wielding weapons or throwing items.
You cannot wear most types of armour.
((You are amphibious.))
You can wear up to eight rings at the same time.
((Your skin changes colour to match your surroundings (Stealth+).))
((Your rubbery body absorbs attacks. (AC +1, EV +1)))
((You are camouflaged when in or above water. (Stealth+)))
((You have tentacles for arms and can constrict up to eight enemies at once.))
((Your system is resistant to poisons. (rPois)))
((Your body is covered in eyes which may confuse attackers. (Acc +7, SInv)))


Message History

You hear a distant slurping noise.
You hear a squelching noise.
Unknown command.
You bite the phantom!
You feel a bit better.
You destroy the phantom!
Your primal bloodlust has ended.
The adder bites you.
You are poisoned.
The adder poisons you! The gnoll misses you.
You hear a distant slurping noise.
Your Dodging skill increases to level 3!
You closely miss the adder.
You feel sick. The adder misses you. The gnoll closely misses you.
The adder closely misses you.
You hear a distant slurping noise.
Unknown command.
You hit the adder.
The adder is lightly wounded.
You feel sick.
The gnoll hits you from afar with a +0 spear.
* * * LOW HITPOINT WARNING * * *
The adder closely misses you.
You hear a distant slurping noise.
The jelly barely misses the adder.
You feel sick. The adder closely misses you. The gnoll closely misses you.
The jelly barely misses the adder.
Things that are here:
a +0 spear; a gnoll corpse You feel sick.
The gnoll completely misses you.
The orc priest looks encouraged for a moment.
You hear a distant slurping noise.
The jelly hits the orc.
The orc is splashed with acid!
The orc dies!
The adder attacks as you move away! The adder closely misses you.
You feel sick. The gnoll hits you with a +0 spear!
* * * LOW HITPOINT WARNING * * *
The adder misses you. The adder attacks as you move away!
The adder closely misses you.
Your transformation is almost over.
You feel sick.
The gnoll hits you from afar with a +0 spear!
You die...

#####.....
##........
.......#o### #
#.........###
##. #.J....###
...
#.).....$###.#
#gS....###...#
##.†.###.....#
#s###.......#
#
#.)......##.#
#..#
######...##.#
#..#
#...##.###..#
#.###...##..#
#.##.###.....
#.#.####....#
#...# #.#....
###.# ##.....


You could see an orc priest, a gnoll, an adder and a neutral jelly (wandering)
(fellow slime).

Vanquished Creatures
  An ogre (D:4)
  A phantom (D:4)
  An iguana (D:4)
  7 gnolls (D:4)
  2 adders
  An ufetubus (D:4)
  A worm (D:2)
  4 orcs (D:4)
  6 ball pythons
  2 endoplasms (D:1)
  A giant cockroach (D:1)
  4 goblins
  6 hobgoblins
  3 quokkas
  7 bats
  A frilled lizard (D:2)
  8 kobolds
  A rat (D:2)
57 creatures vanquished.

Vanquished Creatures (others)
  2 jellies
  Terence (D:2)
  4 gnolls (D:3)
  An adder (D:3)
  2 orcs
  2 endoplasms (D:4)
  2 goblins
  2 kobolds
  A quokka (D:3)
  A bat (D:3)
  2 rats
  20 fungi (D:4)
  5 plants (D:1)
45 creatures vanquished.

Grand Total: 102 creatures vanquished

Notes
Turn   | Place    | Note
-------+----------+-------------------------------------------
     0 | D:1      | holysushi the Octopode Transmuter began the quest for the
                  | Orb.
     0 | D:1      | Reached XP level 1. HP: 13/13 MP: 3/3
   692 | D:1      | Reached XP level 2. HP: 18/18 MP: 5/5
  1624 | D:1      | Reached XP level 3. HP: 23/24 MP: 4/6
  1631 | D:1      | Learned a level 3 spell: Spider Form
  1645 | D:1      | Learned a level 2 spell: Wereblood
  1689 | D:1      | Found a faded altar of an unknown god.
  1876 | D:1      | Prayed at the altar of an unknown god.
  1876 | D:1      | Became a worshipper of Jiyva Jauz the Shapeless
  1876 | D:1      | Reached * piety under Jiyva
  1990 | D:2      | You fall into a shaft and drop 1 floor!
  2136 | D:2      | Reached ** piety under Jiyva
  2168 | D:2      | Noticed Terence
  2192 | D:2      | Killed Terence
  2528 | D:2      | Found Ysolatirch's Armour Shop.
  2813 | D:3      | Reached skill level 4 in Unarmed Combat
  2828 | D:3      | Reached *** piety under Jiyva
  2828 | D:3      | Gained mutation: Your body has grown eyes which may confuse
                  | attackers. (Acc +3) [Jiyva's grace]
  2828 | D:3      | Gained mutation: Your body has grown many eyes which may
                  | confuse attackers. (Acc +5) [Jiyva's grace]
  2828 | D:3      | Gained mutation: Your body is covered in eyes which may
                  | confuse attackers. (Acc +7, SInv) [Jiyva's grace]
  2828 | D:3      | Gained mutation: Your system is resistant to poisons.
                  | (rPois) [Jiyva's grace]
  3342 | D:4      | Reached XP level 4. HP: 29/29 MP: 7/7
  3398 | D:4      | Reached skill level 1 in Poison Magic
  3431 | D:4      | Noticed an ogre
  3446 | D:4      | Killed an ogre
  3447 | D:4      | Reached XP level 5. HP: 14/35 MP: 6/8
  3582 | D:4      | Noticed a phantom
  3595 | D:4      | Reached XP level 6. HP: 41/41 MP: 3/9
  3612 | D:4      | Reached skill level 5 in Unarmed Combat
  3619 | D:4      | Slain by a gnoll

Illustrated notes

Levels and vault maps discovered:
D:1:      dpeg_arrival_tiny_f, layout_basic, serial_forest,
          infiniplex_forest_end_3, infiniplex_forest_straight_3,
          infiniplex_forest_zigzag_2, infiniplex_forest_lined_3,
          infiniplex_forest_clump_tiny, infiniplex_forest_clump_double,
          infiniplex_forest_clump_double, infiniplex_forest_zigzag_1,
          shapermc_ecumenical_altar_gd
D:2:      layout_basic, serial_shops, shop, st_stairs_5, uniq_terence
D:3:      layout_loops_corners
D:4:      layout_loops_ring, minmay_misc_feat_enclosed,
          dreamdust_mushroom_princess, minmay_unequal

Skill      XL: |  1  2  3  4  5  6 |
---------------+-------------------+-----
Fighting       | 2 |  2.9
Unarmed Combat | 4 5 |  5.2
Poison Magic   | 1 2 |  2.0
Dodging        | 3 |  3.0
Spellcasting   | |  2.0
Transmutations | |  2.9

Action                   |  1- 3 |  4- 6 || total
-------------------------+-------+-------++-------
Melee: Unarmed           |    89 |    60 ||   149
       Constrict         |    23 |     5 ||    28
       Tentacles         |    16 |     4 ||    20
       Kick              |     9 |       ||     9
       Punch             |     2 |       ||     2
 Cast: Beastly Appendage |    16 |     1 ||    17
       Spider Form       |     1 |     6 ||     7
       Wereblood         |     1 |     2 ||     3
  Use: Scroll            |     4 |       ||     4
 Stab: Sleeping          |     4 |       ||     4
Armor: Skin              |    10 |     3 ||    13
Dodge: Dodged            |    63 |    65 ||   128

Table legend: (Time is in decaauts)
 A = Elapsed time spent in this place.
 B = Non-inter-level travel time spent in this place.
 C = Inter-level travel time spent in this place.
 D = Time resting spent in this place.
 E = Time spent auto-exploring this place.
 F = Levels seen in this place.
 G = Mean time per level.
                   A        B        C        D        E       F      G
               +--------+--------+--------+--------+--------+-----+--------+
         Total |   3607 |   3496 |    111 |    860 |   1780 |   4 |  901.8 |
       Dungeon |   3607 |   3496 |    111 |    860 |   1780 |   4 |  901.8 |
               +--------+--------+--------+--------+--------+-----+--------+

Top non-repeatable levels by time:
     D:1: 1918 daAuts
     D:3: 718 daAuts
     D:2: 685 daAuts
     D:4: 285 daAuts
